 Dungeon Crawl Stone Soup version 0.23-a0-703-gdf2d5e0 (webtiles) character file.

216162 silenth the Reanimator (level 18, -34/143 HPs)
             Began as a Mummy Necromancer on Jan 13, 2019.
             Was the Champion of Sif Muna.
             Killed from afar by a lich (57 damage)
             ... with a bolt of fire
             ... on level 2 of the Vaults.
             The game lasted 02:36:24 (46281 turns).

silenth the Reanimator (Mummy Necromancer)         Turns: 46281, Time: 02:36:25

Health: -34/143    AC: 20    Str: 17    XL:     18   Next: 35%
Magic:  18/44      EV: 14    Int: 26    God:    Sif Muna [******]
Gold:   620        SH:  6    Dex: 12    Spells: 1/43 levels left

rFire    . . .     SeeInvis .   w - +3 whip (elec)
rCold    + . .     Gourm    .   P - +1 buckler {AC+3}
rNeg     + + +     Faith    .   d - +1 ring mail of the Swamp {rN+ Regen+ Str+3 Int+4}
rPois    ∞         Spirit   .   n - +2 hat {MR+}
rElec    .         Reflect  .   f - +1 cloak
rCorr    .         Harm     .   t - +1 pair of gloves
MR       ++++.                  g - +2 pair of boots {run}
Stlth    ++++......             K - amulet of magic regeneration
HPRegen  0.73/turn              q - ring "Deggede" {rF+ MR+ Str+2}
MPRegen  0.54/turn              N - ring of magical power

@: death channel, divine energy, quick
A: no food or potions, fire vulnerability, cold resistance 1, negative energy
resistance 3, torment resistance, unbreathing, in touch with death 1
}: 1/15 runes: barnacled
a: Stop Divine Energy, Channel Magic, Forget Spell, Renounce Religion


You were on level 2 of the Vaults.
You worshipped Sif Muna.
Sif Muna was exalted by your worship.
You were not hungry.

You visited 6 branches of the dungeon, and saw 30 of its levels.
You also visited: Sewer and Bailey.

You collected 3718 gold pieces.
You spent 3098 gold pieces at shops.

Inventory:

Hand Weapons
 a - a +1 dagger of pain
 w - a +3 whip of electrocution (weapon)
Missiles
 m - 9 throwing nets (quivered)
Armour
 d - the +1 ring mail of the Swamp (worn) {rN+ Regen+ Str+3 Int+4}
   (You found it on level 1 of the Lair of Beasts)

   It affects your strength (+3).
   It affects your intelligence (+4).
   It protects you from negative energy.
   It increases your rate of regeneration.
 f - a +1 cloak (worn)
 g - a +2 pair of boots of running (worn)
 n - a +2 hat of magic resistance (worn)
 t - a +1 pair of gloves (worn)
 P - a +1 buckler of protection (worn)
Magical Staves
 b - an uncursed staff of death
Jewellery
 j - an uncursed ring of resist corrosion
 q - the ring "Deggede" (left hand) {rF+ MR+ Str+2}
   (You found it on level 1 of the Lair of Beasts)

   [ring of protection from fire]

   It affects your strength (+2).
   It protects you from fire.
   It affects your resistance to hostile enchantments.
 v - an uncursed ring of wizardry
 K - an amulet of magic regeneration (around neck)
 N - a ring of magical power (right hand)
 Q - an uncursed ring of protection from fire
Wands
 c - a wand of enslavement (5)
 e - a wand of disintegration (1)
 l - a wand of polymorph (15)
 s - a wand of paralysis (2)
 u - a wand of digging (11)
 C - a wand of iceblast (55)
 D - a wand of clouds (12)
 J - a wand of flame (61)
Scrolls
 h - 17 scrolls of identify
 k - 5 scrolls of fear
 p - 2 scrolls of magic mapping
 r - 17 scrolls of remove curse
 x - a scroll of blinking
 z - 8 scrolls of amnesia
 A - a scroll of summoning
 B - 2 scrolls of silence
 F - 2 scrolls of immolation
 G - 5 scrolls of fog
 H - 2 scrolls of vulnerability
 I - a scroll of torment
 L - 14 scrolls of teleportation
 O - a scroll of noise {unknown}
Miscellaneous
 i - a crystal ball of energy
 o - a box of beasts
 y - a lamp of fire
 M - a phial of floods


   Skills:
 + Level 13.2 Fighting
 - Level 2.0 Short Blades
 - Level 6.8 Armour
 - Level 6.5 Dodging
 - Level 10.0 Stealth
 - Level 4.0 Shields
 + Level 13.2 Spellcasting
 - Level 10.1 Conjurations
 - Level 5.0 Hexes
 * Level 3.2 Summonings
 + Level 14.2 Necromancy
 - Level 3.0 Translocations
 - Level 3.0 Air Magic
 - Level 12.3 Earth Magic
 - Level 3.0 Poison Magic
 - Level 6.0 Invocations
 - Level 5.0 Evocations


You had one spell level left.
You knew the following spells:

 Your Spells              Type           Power        Failure   Level  Hunger
a - Pain                  Necr           ####         0%          1    N/A
b - Blink                 Tloc           N/A          2%          2    N/A
c - Vampiric Draining     Necr           #######...   1%          3    N/A
d - Animate Dead          Necr           N/A          1%          4    N/A
e - Dazzling Spray        Conj/Hex       ######       1%          3    N/A
f - Dispel Undead         Necr           #######.     1%          5    N/A
g - Bolt of Draining      Conj/Necr      #######...   1%          5    N/A
h - Death Channel         Necr           #######...   2%          6    N/A
i - Mephitic Cloud        Conj/Pois/Air  #####...     1%          3    N/A
j - Borgnjor's Vile Clut  Necr/Erth      #######...   1%          5    N/A
k - Aura of Abjuration    Summ           ####......   38%         5    N/A

Your spell library contained the following spells:

 Spells                   Type           Power        Failure   Level  Hunger
 Animate Skeleton         Necr           N/A          0%          1    N/A
 Apportation              Tloc           ####..       1%          1    N/A
 Confusing Touch          Hex            #####.       1%          1    N/A
 Corona                   Hex            #####..      1%          1    N/A
 Flame Tongue             Conj/Fire      #####        1%          1    N/A
 Magic Dart               Conj           ####         1%          1    N/A
 Sandblast                Erth           ######       1%          1    N/A
 Shock                    Conj/Air       ####         1%          1    N/A
 Sting                    Conj/Pois      ####         1%          1    N/A
 Summon Small Mammal      Summ           ####         1%          1    N/A
 Freeze                   Ice            ###.         5%          1    N/A
 Corpse Rot               Necr           N/A          1%          2    N/A
 Passwall                 Tmut/Erth      #####...     1%          2    N/A
 Searing Ray              Conj           ######       1%          2    N/A
 Slow                     Hex            #####...     1%          2    N/A
 Throw Flame              Conj/Fire      #####.       1%          2    N/A
 Throw Frost              Conj/Ice       #####.       1%          2    N/A
 Conjure Flame            Conj/Fire      #####...     1%          3    N/A
 Static Discharge         Conj/Air       ######..     1%          3    N/A
 Stone Arrow              Conj/Erth      ######       1%          3    N/A
 Leda's Liquefaction      Hex/Erth       ######....   1%          4    N/A
 Agony                    Necr           #######.     1%          5    N/A
 Lee's Rapid Deconstruct  Erth           ######....   1%          5    N/A
 Call Imp                 Summ           ####....     2%          2    N/A
 Poisonous Vapours        Pois/Air       ####..       2%          2    N/A
 Confuse                  Hex            #####...     2%          3    N/A
 Tukima's Dance           Hex            #####...     2%          3    N/A
 Fulminant Prism          Conj/Hex       ######....   2%          4    N/A
 Ensorcelled Hibernation  Hex/Ice        ####..       3%          2    N/A
 Portal Projectile        Hex/Tloc       #####.       3%          3    N/A
 Summon Guardian Golem    Hex/Summ       #####...     3%          3    N/A
 Force Lance              Conj/Tloc      ######..     3%          4    N/A
 Shroud of Golubria       Chrm/Tloc      ###.......   4%          2    N/A
 Swiftness                Chrm/Air       ###.....     4%          2    N/A
 Call Canine Familiar     Summ           ####....     4%          3    N/A
 Gell's Gravitas          Tloc           ####......   4%          3    N/A
 Lesser Beckoning         Tloc           ####......   4%          3    N/A
 Recall                   Summ/Tloc      N/A          4%          3    N/A
 Teleport Other           Tloc           ####....     4%          3    N/A
 Petrify                  Tmut/Erth      #####...     4%          4    N/A
 Inner Flame              Hex/Fire       ####....     6%          3    N/A
 Cause Fear               Hex            #####.....   7%          4    N/A
 Sticky Flame             Conj/Fire      #####...     7%          4    N/A
 Throw Icicle             Conj/Ice       #####...     7%          4    N/A
 Bolt of Magma            Conj/Fire/Erth ######....   7%          5    N/A
 Sticks to Snakes         Tmut           ###.....     9%          2    N/A
 Excruciating Wounds      Chrm/Necr      ######....   9%          5    N/A
 Iron Shot                Conj/Erth      ######....   9%          6    N/A
 Ignite Poison            Fire/Tmut/Pois ###.....     11%         3    N/A
 Lightning Bolt           Conj/Air       ######....   11%         5    N/A
 Venom Bolt               Conj/Pois      ######....   11%         5    N/A
 Airstrike                Air            ####......   16%         4    N/A
 Olgreb's Toxic Radiance  Pois           ####....     16%         4    N/A
 Passage of Golubria      Tloc           N/A          16%         4    N/A
 Summon Lightning Spire   Summ/Air       ####....     16%         4    N/A
 Ozocubu's Armour         Chrm/Ice       ###.....     17%         3    N/A
 Fireball                 Conj/Fire      #####.....   19%         5    N/A
 Irradiate                Conj/Tmut      #####.....   19%         5    N/A
 Iskenderun's Battlesphe  Conj/Chrm      #####...     19%         5    N/A
 Summon Ice Beast         Ice/Summ       ####....     28%         4    N/A
 Summon Mana Viper        Hex/Summ       #####...     28%         5    N/A
 Silence                  Hex/Air        #####.....   30%         5    N/A
 Summon Demon             Summ           ####......   38%         5    N/A
 Summon Forest            Summ/Tloc      ####......   41%         5    N/A
 Simulacrum               Ice/Necr       ######....   41%         6    N/A
 Metabolic Englaciation   Hex/Ice        ####......   50%         5    N/A
 Yara's Violent Unravell  Hex/Tmut       ####......   50%         5    N/A
 Conjure Ball Lightning   Conj/Air       ######....   50%         6    N/A
 Bolt of Cold             Conj/Ice       #####.....   71%         6    N/A
 Bolt of Fire             Conj/Fire      #####.....   71%         6    N/A
 Infestation              Necr           #######...   71%         8    N/A
 Darkness                 Hex            #####.....   73%         6    N/A
 Invisibility             Hex            #####...     73%         6    N/A
 Haunt                    Necr/Summ      #######...   78%         7    N/A
 Freezing Cloud           Conj/Ice/Air   #####.....   80%         6    N/A
 Shadow Creatures         Summ           N/A          92%         6    N/A
 Lehudib's Crystal Spear  Conj/Erth      ######....   98%         8    N/A
 Deflect Missiles         Chrm/Air       ###.......   99%         6    N/A
 Ozocubu's Refrigeration  Ice            ###.......   100%        6    N/A
 Chain Lightning          Conj/Air       ######....   100%        8    N/A
 Discord                  Hex            #####.....   100%        8    N/A
 Ignition                 Fire           ###.......   100%        8    N/A
 Glaciate                 Conj/Ice       #####.....   100%        9    N/A
 Shatter                  Erth           ######....   100%        9    N/A
 Tornado                  Air            ####......   100%        9    N/A
 Beastly Appendage        Tmut           Unusable     N/A         1    N/A
 Sublimation of Blood     Necr           Unusable     N/A         2    N/A
 Regeneration             Chrm/Necr      Unusable     N/A         3    N/A
 Spider Form              Tmut/Pois      Unusable     N/A         3    N/A
 Ice Form                 Ice/Tmut       Unusable     N/A         4    N/A
 Statue Form              Tmut/Erth      Unusable     N/A         6    N/A
 Borgnjor's Revivificati  Necr           Unusable     N/A         8    N/A
 Blade Hands              Tmut           Unusable     N/A         5    N/A
 Death's Door             Chrm/Necr      Unusable     N/A         8    N/A
 Necromutation            Tmut/Necr      Unusable     N/A         8    N/A

Dungeon Overview and Level Annotations

Branches:
Dungeon (15/15)            Temple (1/1) D:5            Lair (6/6) D:8
 Shoals (4/4) Lair:3       Spider (0/4) Lair:3        Slime (0/5) Lair:5
    Orc (2/2) D:9             Elf (0/3) Orc:2        Vaults (2/5) D:13
 Depths (0/5) D:15
  Crypt: Vaults:2-3

Altars:
Ashenzari
Cheibriados
Dithmenos
Elyvilon
Fedhas
Gozag
Hepliaklqana
Kikubaaqudgha
Makhleb
Nemelex Xobeh
Okawaru
Qazlal
Ru
Sif Muna
Trog
Uskayaw
Vehumet
Wu Jian
Xom
Yredelemnul
Zin
The Shining One
Jiyva

Shops:
D:8 *   D:10 [   D:13 (   Orc:1 ?   Orc:2 *:[%[((   Shoals:1 *   Shoals:3 *[
Shoals:4 *

Portals:
Trove: D:13 (give 19 scrolls of identify)

Annotations:
D:5 1 runed door
Shoals:1 exclusion: Roxanne, Roxanne


Innate Abilities, Weirdness & Mutations

You do not eat or drink.
Your flesh is vulnerable to fire.
You are immune to poison.
Your flesh is cold resistant. (rC+)
You are immune to negative energy. (rN+++)
You are immune to unholy pain and torment.
You can survive without breathing.
You are in touch with the powers of death.


Message History

Sif Muna accepts your kill.
A glowing mist starts to gather...
Something touches you.
You miss something.
Wield which item (- for none, * to show all)? (? for menu, Esc to quit)
You hear the crackle of electricity.
w - a +3 whip of electrocution (weapon)
Your spectral orc warrior hits the two-headed ogre but does no damage.
You hear some strange, mumbled words.
A bolt of fire appears from out of thin air!
The bolt of fire hits you!
* * * LOW HITPOINT WARNING * * *
The freezing wraith hits your spectral orc warrior!
The freezing wraith freezes your spectral orc warrior!
Your spectral orc warrior resists.
Your spectral orc warrior is destroyed!
You hit something but do no damage. Lightning courses through something!
You hear some strange, mumbled words.
A bolt of fire appears from out of thin air!
The bolt of fire hits you!
You die...

▒▒▒▒▒▒▒▒▒▒▒▒▒▒▒▒▒▒▒▒▒▒▒▒
........................
........................
▒▒▒▒▒▒'▒▒▒▒▒▒▒▒▒....▒▒▒
▒$$▒..▒ ▒....▒ ▒.W▒.@▒
▒....▒ ▒..▒{Z▒ ▒....▒
▒O▒▒▒ ▒....▒ ▒ZZ▒..▒
▒....▒ ▒W) ..▒ ▒....▒
▒.. ..▒▒▒▒▒▒▒▒▒....▒ ▒W%
..▒▒......▒....▒ +▒▒
▒▒▒▒......▒....▒
▒......▒....▒


You could see a two-headed ogre, a freezing wraith, a friendly spectral frost
giant, a friendly spectral ironbrand convoker and a friendly deep elf
demonologist zombie.

Vanquished Creatures
  Gastronok (Lair:1)
  A fire giant (D:15)
  A deep elf sorcerer (Vaults:2)
  3 vault wardens (Vaults:1)
  A frost giant (Vaults:2)
  Louise (Shoals:1)
  4 ironheart preservers
  An entropy weaver (Vaults:2)
  2 stone giants
  Azrael (D:13)
  A deep elf demonologist (Vaults:2)
  A deep elf annihilator (Vaults:2)
  Snorg (Lair:4)
  5 merfolk impalers
  8 merfolk javelineers
  An ettin (Orc:1)
  2 fire dragons
  Erolcha (Orc:1)
  10 hydras
  12 vault guards
  An ice dragon (Vaults:1)
  An alligator snapping turtle (Shoals:2)
  3 merfolk aquamancers (Shoals:4)
  5 ogre magi
  4 merfolk avatars
  3 centaur warriors
  19 two-headed ogres
  An alligator (Lair:4)
  Urug (Lair:6)
  A deep elf knight (D:13)
  8 death yaks
  5 orc high priests
  4 wizards
  A swamp dragon (Lair:4)
  3 deep trolls (Vaults:1)
  11 sea snakes
  8 unseen horrors
  6 deep elf archers
  18 harpies
  7 ironbrand convokers
  A wolf spider zombie (D:15)
  7 orc knights
  The ghost of Larett the Cleaver, a novice MiBe of Trog (D:6)
  An oklob plant (Lair:3)
  12 ugly things
  9 fauns
  2 orc sorcerers
  6 deep elf magi
  7 cyclopes
  13 manticores
  A wolf spider (Vaults:2)
  12 merfolk sirens
  Maurice (D:11)
  Joseph (Lair:1)
  5 elephants
  5 water nymphs
  10 spiny frogs
  2 vault sentinels (Vaults:1)
  6 black mambas
  A gargoyle (D:13)
  2 efreet
  29 yaktaurs
  4 rime drakes
  9 komodo dragons
  2 kobold demonologists
  3 freezing wraiths
  3 meliai
  6 polar bears
  A queen bee (Lair:4)
  27 merfolk
  The ghost of Angani the Slasher, a novice SpAM of Xom (D:5)
  3 hornets
  3 trolls
  2 jumping spiders (Lair:3)
  4 wind drakes (Shoals:3)
  4 blink frogs (Lair:5)
  8 slime creatures
  3 hippogriffs
  8 snapping turtles
  A hippogriff (shapeshifter) (D:14)
  A shadow (D:13)
  39 yaks
  9 redbacks
  Sigmund (D:3)
  5 water elementals
  2 wraiths
  A wyvern (D:8)
  2 hungry ghosts
  A yak (shapeshifter) (D:8)
  2 fire elementals (D:13)
  A tarantella (shapeshifter) (Vaults:1)
  A steam dragon (Lair:1)
  A basilisk (Lair:2)
  3 wargs
  6 vampire mosquitoes
  11 water moccasins
  A soldier ant (D:15)
  An acid dragon (D:11)
  2 hell hounds (D:13)
  2 swamp worms (Lair:4)
  A floating eye (Lair:3)
  8 porcupines
  4 ice beasts
  41 orc warriors
  6 sky beasts
  A black bear (Lair:4)
  An eye of draining (D:12)
  3 phantoms
  A black bear (shapeshifter) (Vaults:1)
  A hornet zombie (D:11)
  25 centaurs
  26 ogres
  A necrophage (D:11)
  6 wolves
  11 boggarts
  14 crocodiles
  2 big kobolds
  2 gnoll sergeants
  A wyvern zombie (D:13)
  12 bullfrogs
  5 scorpions
  A wyvern skeleton (D:7)
  29 killer bees
  10 wights
  An electric eel (Lair:3)
  4 howler monkeys
  3 crimson imps
  A bullfrog zombie (D:8)
  2 bullfrog skeletons
  8 jellies
  6 quasits
  30 orc priests
  6 centaur skeletons
  4 hounds
  17 orc wizards
  An iron imp (D:6)
  Ijyb (D:5)
  3 hell rats (Lair:1)
  10 iguanas
  11 worker ants
  A killer bee zombie (D:7)
  2 hound skeletons
  2 hound zombies
  2 worker ant zombies
  Robin (D:3)
  32 gnolls
  A howler monkey skeleton (D:4)
  6 river rats (Lair:1)
  13 adders
  4 shadow imps
  15 oozes
  6 worms
  2 dart slugs (D:3)
  23 leopard geckos
  89 orcs
  12 giant cockroaches
  14 goblins
  17 hobgoblins
  7 jackals
  9 ball pythons
  6 bats
  21 frilled lizards
  33 kobolds
  A leopard gecko skeleton (D:4)
  13 rats
  A fungus (Lair:1)
  A plant (Lair:2)
1140 creatures vanquished.

Vanquished Creatures (collateral kills)
  3 vault wardens
  An ironheart preserver (Vaults:1)
  A stone giant (Vaults:2)
  3 merfolk impalers (Shoals:4)
  2 great orbs of eyes (Vaults:2)
  A centaur warrior (Vaults:2)
  A merfolk avatar (Shoals:4)
  An ogre mage (Vaults:2)
  An alligator (Lair:4)
  A deep elf knight (Vaults:1)
  3 sea snakes
  A deep elf archer (Vaults:2)
  3 harpies (Shoals:1)
  3 ironbrand convokers
  2 ugly things (Vaults:1)
  A deep elf mage (Vaults:2)
  4 oklob plants (Lair:1)
  A cyclops (Vaults:1)
  2 fauns
  3 manticores
  A black mamba (Lair:5)
  2 elephants
  A merfolk siren (Shoals:4)
  A vault sentinel (Vaults:1)
  A gargoyle (D:15)
  A spiny frog (Lair:2)
  A rime drake (Lair:6)
  4 komodo dragons
  3 yaktaurs
  7 merfolk
  A wind drake (Shoals:1)
  3 snapping turtles
  A hippogriff (Lair:6)
  6 slime creatures
  A wyvern (Lair:6)
  2 water elementals (Shoals:4)
  A warg (D:9)
  A water moccasin (Lair:5)
  A hell hound (D:13)
  2 orc warriors
  2 ogres
  3 wolves (Lair:2)
  2 boggarts (Vaults:2)
  2 centaurs (Vaults:2)
  2 crocodiles
  A big kobold (D:11)
  4 bullfrogs
  A human simulacrum (Vaults:1)
  4 orc wizards (Orc:1)
  3 orc priests
  2 iguanas
  An ooze (Sewer)
  9 orcs
  A ball python (Sewer)
  A kobold (D:9)
  3 bushes (Shoals:1)
  4 plants
124 creatures vanquished.

Vanquished Creatures (others)
  A rakshasa (D:14)
  A merfolk aquamancer (Shoals:3)
  A snapping turtle (Shoals:4)
  A swamp worm (Lair:4)
  A sky beast (D:10)
  A howler monkey (D:8)
  An iguana (D:14)
  5 fungi
  19 plants
31 creatures vanquished.

Grand Total: 1295 creatures vanquished

Notes
Turn   | Place    | Note
-------+----------+-------------------------------------------
     0 | D:1      | silenth the Mummy Necromancer began the quest for the Orb.
     0 | D:1      | Reached XP level 1. HP: 13/13 MP: 4/4
   490 | D:1      | Reached XP level 2. HP: 19/19 MP: 0/5
   493 | D:1      | Learned a level 1 spell: Animate Skeleton
   515 | D:1      | Reached skill level 3 in Spellcasting
  1222 | D:2      | Reached XP level 3. HP: 24/24 MP: 5/7
  1275 | D:1      | Learned a level 3 spell: Vampiric Draining
  1365 | D:2      | Reached skill level 5 in Necromancy
  1365 | D:2      | Reached XP level 4. HP: 24/30 MP: 6/9
  1377 | D:2      | Learned a level 4 spell: Animate Dead
  1405 | D:2      | Found a faded altar of an unknown god.
  1916 | D:2      | Reached skill level 4 in Spellcasting
  2024 | D:2      | Reached XP level 5. HP: 35/35 MP: 9/11
  2224 | D:3      | Reached skill level 1 in Shields
  3202 | D:3      | Noticed Robin
  3233 | D:3      | Killed Robin
  3269 | D:3      | Reached XP level 6. HP: 36/41 MP: 1/12
  3416 | D:3      | Reached skill level 6 in Necromancy
  3803 | D:3      | Noticed Sigmund
  3818 | D:3      | Killed Sigmund
  3818 | D:3      | Reached skill level 2 in Shields
  3818 | D:3      | Reached skill level 5 in Spellcasting
  3915 | D:3      | Reached XP level 7. HP: 46/46 MP: 12/14
  4682 | D:4      | Reached skill level 7 in Necromancy
  5188 | D:5      | Entered Level 5 of the Dungeon
  5338 | D:5      | Reached skill level 3 in Shields
  5338 | D:5      | Reached skill level 6 in Spellcasting
  5383 | D:5      | Found a runed door.
  5386 | D:5      | Noticed Angani's ghost (novice SpAM)
  5401 | D:5      | Found a staircase to the Ecumenical Temple.
  5435 | D:4      | Reached XP level 8. HP: 39/52 MP: 9/17
  5603 | Temple   | Entered the Ecumenical Temple
  5794 | Temple   | Became a worshipper of Sif Muna the Loreminder
  5916 | D:5      | Reached skill level 8 in Necromancy
  6040 | D:5      | Found a runed door.
  6053 | D:5      | Noticed Ijyb
  6073 | D:5      | Killed Ijyb
  6597 | D:6      | Found a glowing drain.
  6620 | Sewer    | Entered a sewer
  6770 | Sewer    | Reached * piety under Sif Muna
  7024 | Sewer    | Reached skill level 4 in Shields
  7189 | Sewer    | Reached skill level 2 in Stealth
  7192 | Sewer    | Reached skill level 1 in Fighting
  7192 | Sewer    | Reached skill level 9 in Necromancy
  7273 | D:6      | Noticed Grinder
  7280 | D:6      | Noticed Grinder
  7280 | D:6      | Grinder changed into Grinder the iron imp
  7298 | D:6      | Killed Grinder the iron imp
  7298 | D:6      | Reached skill level 1 in Invocations
  7520 | D:6      | Noticed Larett's ghost (novice MiBe)
  7528 | D:6      | Found a transporter.
  7656 | D:6      | Reached skill level 2 in Fighting
  7656 | D:6      | Reached XP level 9. HP: 25/61 MP: 10/18
  8090 | D:6      | Reached ** piety under Sif Muna
  8090 | D:6      | Reached skill level 2 in Invocations
  8350 | D:6      | Found a transporter.
  8390 | D:6      | Reached skill level 3 in Stealth
  8605 | D:7      | Found an ornate altar of the Wu Jian Council.
  8647 | D:7      | Reached skill level 2 in Dodging
  8934 | D:7      | Reached skill level 3 in Fighting
  8934 | D:7      | Reached skill level 1 in Armour
  9453 | D:8      | Reached skill level 1 in Evocations
  9616 | D:8      | Reached skill level 4 in Stealth
  9926 | D:8      | Found Ettih's Assorted Antiques.
  9937 | D:8      | Bought a lumpy diamond amulet for 115 gold pieces
  9937 | D:8      | Bought a scroll of teleportation for 69 gold pieces
 10093 | D:8      | Found a staircase to the Lair.
 10117 | D:8      | Reached skill level 2 in Armour
 10125 | D:8      | HP: 3/65 [warg (14)]
 10475 | D:8      | Reached skill level 3 in Dodging
 10546 | D:8      | Reached skill level 4 in Fighting
 10652 | D:8      | Found a viscous altar of Jiyva.
 10880 | D:8      | Reached skill level 2 in Evocations
 11092 | D:8      | Noticed Psyche
 11096 | D:8      | Noticed Psyche
 11096 | D:8      | Psyche changed into Psyche the tengu
 11098 | D:8      | Noticed Psyche
 11098 | D:8      | Psyche the tengu changed into Psyche the human
 11107 | D:8      | Noticed Psyche
 11107 | D:8      | Psyche the human changed into Psyche the shapeshifter
 11108 | D:8      | Noticed Psyche
 11108 | D:8      | Psyche the shapeshifter changed into Psyche the raiju
 11113 | D:8      | Noticed Psyche
 11113 | D:8      | Psyche the raiju changed into Psyche the yak
 11119 | D:8      | Killed Psyche the yak
 11119 | D:8      | Reached skill level 10 in Necromancy
 11119 | D:8      | Reached XP level 10. HP: 50/71 MP: 6/19
 11290 | D:8      | HP: 6/72 [killer bee (6)]
 11725 | D:8      | Found a sparkling altar of Nemelex Xobeh.
 12639 | D:9      | Found an ancient bone altar of Kikubaaqudgha.
 12640 | D:9      | Found a stormy altar of Qazlal.
 12641 | D:9      | Found a shattered altar of Ashenzari.
 12702 | D:9      | Reached skill level 3 in Armour
 12811 | D:9      | Reached *** piety under Sif Muna
 12872 | D:9      | Found a staircase to the Orcish Mines.
 12906 | D:9      | Reached skill level 5 in Fighting
 12906 | D:9      | Reached skill level 5 in Stealth
 12906 | D:9      | Reached skill level 3 in Evocations
 12911 | D:9      | Reached skill level 4 in Dodging
 13081 | D:9      | Found a glowing golden altar of the Shining One.
 13595 | D:10     | Entered Level 10 of the Dungeon
 14568 | D:10     | Reached XP level 11. HP: 52/81 MP: 5/20
 14966 | D:10     | Found Sirekh's Armour Emporium.
 15038 | D:11     | Reached skill level 4 in Armour
 15195 | D:11     | Noticed a green ugly thing
 15223 | D:11     | Killed a green ugly thing
 15345 | D:11     | Noticed a two-headed ogre
 15354 | D:11     | Killed a two-headed ogre
 15354 | D:11     | Reached **** piety under Sif Muna
 15354 | D:11     | Reached skill level 4 in Evocations
 15446 | D:11     | Reached skill level 6 in Fighting
 15662 | D:11     | Reached skill level 7 in Spellcasting
 15924 | D:11     | Reached skill level 3 in Invocations
 15936 | D:11     | Noticed Maurice
 15952 | D:11     | Killed Maurice
 16244 | D:11     | Noticed a sun demon
 16489 | D:11     | Found a white marble altar of Elyvilon.
 16723 | Lair:1   | Entered Level 1 of the Lair of Beasts
 16753 | Lair:1   | Noticed Gastronok
 16778 | Lair:1   | Killed Gastronok
 16778 | Lair:1   | Reached skill level 5 in Dodging
 16778 | Lair:1   | Reached skill level 11 in Necromancy
 17504 | Lair:1   | Reached skill level 5 in Armour
 17519 | Lair:1   | Reached skill level 4 in Invocations
 17623 | Lair:1   | Got a clouded brass ring
 17625 | Lair:1   | Identified the ring "Deggede" {rF+ MR+ Str+2} (You found it
                  | on level 1 of the Lair of Beasts)
 17682 | Lair:1   | Noticed Joseph
 17698 | Lair:1   | Killed Joseph
 17698 | Lair:1   | Reached skill level 8 in Spellcasting
 17847 | Lair:1   | Reached XP level 12. HP: 89/89 MP: 21/24
 17995 | Lair:1   | Reached ***** piety under Sif Muna
 18027 | Lair:1   | Learned a level 3 spell: Dazzling Spray
 18266 | Lair:1   | Got an encrusted ring mail
 18267 | Lair:1   | Identified the cursed +1 ring mail of the Swamp {rN+ Regen+
                  | Str+3 Int+4} (You found it on level 1 of the Lair of
                  | Beasts)
 18309 | Lair:1   | Reached skill level 7 in Fighting
 18357 | Lair:1   | Noticed an eight-headed hydra
 18375 | Lair:1   | Killed an eight-headed hydra
 18450 | Lair:1   | Reached skill level 1 in Hexes
 18450 | Lair:1   | Reached skill level 5 in Evocations
 18457 | Lair:1   | Reached skill level 1 in Conjurations
 18488 | Lair:1   | Identified Jyst's Almanac of Ensnaring Contamination
 18828 | Lair:2   | Identified a scroll of acquirement
 18837 | Lair:2   | Learned a level 5 spell: Dispel Undead
 18843 | Lair:2   | Learned a level 5 spell: Bolt of Draining
 19065 | D:5      | Identified Sif Muna's Disquisition on Attacks (Sif Muna
                  | gifted it to you on level 5 of the Dungeon)
 19065 | D:5      | Received a gift from Sif Muna
 19074 | D:5      | Killed Angani's ghost
 19163 | D:6      | Killed Larett's ghost
 19352 | Lair:2   | Noticed an eight-headed hydra
 19370 | Lair:2   | Killed an eight-headed hydra
 19370 | Lair:2   | Reached skill level 2 in Conjurations
 19370 | Lair:2   | Reached skill level 2 in Hexes
 20381 | Lair:2   | Reached skill level 5 in Invocations
 20415 | Lair:2   | Reached skill level 3 in Conjurations
 20720 | Lair:2   | Reached skill level 3 in Hexes
 20935 | Lair:3   | Reached skill level 8 in Fighting
 20999 | Lair:3   | Reached skill level 4 in Conjurations
 21144 | Lair:3   | Found a hole to the Spider Nest.
 21392 | Lair:3   | Found a staircase to the Shoals.
 21684 | Lair:3   | Noticed a four-headed hydra
 21696 | Lair:3   | Killed a four-headed hydra
 22025 | Lair:3   | Noticed a shambling mangrove
 22025 | Lair:3   | an oklob plant changed into a shambling mangrove
 22056 | Lair:4   | Noticed Snorg
 22068 | Lair:4   | Killed Snorg
 22068 | Lair:4   | Gained mutation: You are in touch with the powers of death.
                  | [Mummy growth]
 22068 | Lair:4   | Reached XP level 13. HP: 87/98 MP: 0/25
 22515 | Lair:4   | Reached skill level 12 in Necromancy
 22849 | Lair:4   | Reached skill level 5 in Conjurations
 22856 | Lair:4   | Reached skill level 4 in Hexes
 23475 | Lair:5   | Reached skill level 6 in Stealth
 24157 | Lair:5   | Reached skill level 9 in Spellcasting
 24338 | Lair:5   | Reached skill level 6 in Conjurations
 24505 | Lair:5   | Found a staircase to the Slime Pits.
 24533 | Lair:5   | Reached skill level 9 in Fighting
 24886 | Lair:5   | Identified Sif Muna's Guide on Attacks (Sif Muna gifted it
                  | to you on level 5 of the Lair of Beasts)
 24886 | Lair:5   | Received a gift from Sif Muna
 25215 | Lair:6   | Entered Level 6 of the Lair of Beasts
 25219 | Lair:6   | Noticed Urug
 25333 | Lair:6   | Reached skill level 5 in Hexes
 25974 | Lair:6   | Reached skill level 7 in Conjurations
 25978 | Lair:6   | Learned a level 2 spell: Blink
 26045 | Lair:6   | Killed Urug
 26234 | Lair:6   | Reached skill level 1 in Translocations
 26243 | Lair:6   | Reached XP level 14. HP: 96/108 MP: 18/27
 26354 | Lair:5   | Reached skill level 10 in Spellcasting
 26751 | Lair:6   | Reached skill level 2 in Translocations
 27110 | Lair:6   | Learned a level 3 spell: Mephitic Cloud
 27117 | Lair:6   | Identified the Disquisition on Shifting Weightlessness
 28147 | D:12     | Reached skill level 1 in Poison Magic
 28164 | D:12     | Reached skill level 1 in Air Magic
 28472 | D:12     | Got a fabulously ornate robe
 28473 | D:12     | Identified the cursed +1 robe of Autumn {*Slow +Fly rElec
                  | rF-} (You found it on level 12 of the Dungeon)
 28503 | D:12     | Reached skill level 3 in Translocations
 28800 | D:12     | Identified Sumojax's Guide on Excruciating Bewitchment (Sif
                  | Muna gifted it to you on level 12 of the Dungeon)
 28800 | D:12     | Received a gift from Sif Muna
 28944 | D:12     | Reached skill level 8 in Conjurations
 29279 | D:12     | Reached skill level 2 in Air Magic
 29279 | D:12     | Reached skill level 2 in Poison Magic
 29406 | D:12     | Reached skill level 6 in Invocations
 29480 | D:13     | Found Efixurph's Antique Weapon Emporium.
 29609 | D:12     | Reached skill level 1 in Short Blades
 29959 | D:13     | Reached skill level 10 in Fighting
 29972 | D:13     | Found a portal to a secret trove of treasure.
 30113 | D:13     | Noticed Azrael
 30477 | D:13     | Killed Azrael
 30490 | D:13     | Reached skill level 7 in Stealth
 30686 | D:13     | Reached skill level 3 in Poison Magic
 30702 | D:13     | Reached skill level 3 in Air Magic
 30990 | D:13     | Found a gate to the Vaults.
 31324 | D:14     | Reached XP level 15. HP: 71/115 MP: 9/29
 31493 | D:14     | Reached skill level 2 in Short Blades
 31917 | D:14     | Reached skill level 11 in Spellcasting
 31996 | D:14     | HP: 11/115 [rakshasa (illusionary)/orb of energy (30)]
 32648 | D:15     | Entered Level 15 of the Dungeon
 32648 | D:15     | Found a staircase to the Depths.
 32648 | D:15     | Noticed a fire giant
 33115 | D:15     | Reached skill level 9 in Conjurations
 33315 | D:15     | Killed a fire giant
 33793 | D:15     | Learned a level 5 spell: Borgnjor's Vile Clutch
 33876 | D:15     | Reached skill level 1 in Earth Magic
 34035 | D:15     | Identified Sif Muna's Collected Works on Lethal Enchantment
                  | (Sif Muna gifted it to you on level 15 of the Dungeon)
 34035 | D:15     | Received a gift from Sif Muna
 34164 | D:15     | Reached skill level 2 in Earth Magic
 34373 | Orc:1    | Entered Level 1 of the Orcish Mines
 34413 | Orc:1    | Noticed Erolcha
 34422 | Orc:1    | Found a flagged portal.
 34425 | Orc:1    | Killed Erolcha
 34445 | Bailey   | Entered a bailey
 34686 | Bailey   | Reached skill level 8 in Stealth
 34920 | Orc:1    | Found Ezeacim's Magic Scroll Emporium.
 35075 | Orc:1    | Reached skill level 3 in Earth Magic
 35533 | Orc:2    | Entered Level 2 of the Orcish Mines
 35667 | Orc:2    | Found a staircase to the Elven Halls.
 35882 | Orc:2    | Learned a level 6 spell: Death Channel
 36245 | Orc:2    | Reached skill level 11 in Fighting
 36474 | Orc:2    | Found Hesh's Book Shoppe.
 36494 | Orc:2    | Found Oshreakh's Armour Emporium.
 36781 | Orc:1    | Reached skill level 4 in Earth Magic
 37393 | Orc:1    | Found a bloodstained altar of Trog.
 37570 | Orc:2    | Found Uleoph's Antique Armour Shoppe.
 37571 | Orc:2    | Found Daseocsata's Weapon Emporium.
 37571 | Orc:2    | Found Namixaoc's Antique Weapon Shoppe.
 37572 | Orc:2    | Found Kak Jer's Food Shoppe.
 37653 | Orc:2    | Found Borhurul's General Store.
 37724 | Orc:2    | Bought a manual of Earth Magic for 1766 gold pieces
 37724 | Orc:2    | Bought a book of Enchantments for 800 gold pieces
 37790 | Orc:1    | Bought a scroll of identify for 26 gold pieces
 37790 | Orc:1    | Bought a scroll of teleportation for 39 gold pieces
 37790 | Orc:1    | Bought a scroll of identify for 26 gold pieces
 37790 | Orc:1    | Bought a scroll of identify for 26 gold pieces
 37930 | Shoals:1 | Entered Level 1 of the Shoals
 37936 | Shoals:1 | Reached skill level 5 in Earth Magic
 38125 | Shoals:1 | Noticed Louise
 38132 | Shoals:1 | Killed Louise
 38153 | Shoals:1 | Reached XP level 16. HP: 73/125 MP: 1/31
 38336 | Shoals:1 | Noticed Roxanne
 38441 | Shoals:1 | Found Hisih's General Store.
 38686 | Shoals:1 | Received a gift from Sif Muna
 38830 | Shoals:2 | Reached skill level 6 in Earth Magic
 39199 | Shoals:2 | Reached skill level 9 in Stealth
 39264 | Shoals:2 | Reached skill level 6 in Dodging
 39713 | Shoals:3 | Found Elidd's Armour Shop.
 40003 | Shoals:3 | Reached skill level 7 in Earth Magic
 40099 | Shoals:3 | Bought a +1 buckler of protection for 231 gold pieces
 40132 | Shoals:3 | Found Uqydghes's Island Escapes.
 40384 | Shoals:3 | Reached skill level 6 in Armour
 41070 | Shoals:3 | Reached skill level 8 in Earth Magic
 41146 | Shoals:3 | Reached skill level 13 in Necromancy
 41587 | Shoals:4 | Entered Level 4 of the Shoals
 41854 | Shoals:4 | Reached skill level 9 in Earth Magic
 41855 | Shoals:4 | Reached skill level 12 in Fighting
 41926 | Shoals:4 | Received a gift from Sif Muna
 41989 | Shoals:4 | Found Janwoum's Assorted Antiques.
 42326 | Shoals:4 | Identified a +2 pair of boots of running (You found it on
                  | level 4 of the Shoals)
 42671 | Shoals:4 | Reached XP level 17. HP: 95/133 MP: 25/32
 42771 | Shoals:4 | Got a barnacled rune of Zot
 43028 | Vaults:1 | Entered Level 1 of the Vaults
 43061 | Vaults:1 | Reached skill level 10 in Earth Magic
 43156 | Vaults:1 | Upgraded the game from 0.23-a0-702-gd214142 to
                  | 0.23-a0-703-gdf2d5e0
 43420 | Vaults:1 | Reached skill level 10 in Stealth
 43560 | Vaults:1 | Reached skill level 12 in Spellcasting
 43765 | Vaults:1 | Identified Caxalis's Almanac of Snow and Shape Shifting
                  | (Sif Muna gifted it to you on level 1 of the Vaults)
 43765 | Vaults:1 | Received a gift from Sif Muna
 43878 | Vaults:1 | Reached skill level 11 in Earth Magic
 44175 | Vaults:1 | Reached ****** piety under Sif Muna
 44887 | Vaults:1 | Reached skill level 10 in Conjurations
 45266 | Vaults:2 | Reached skill level 12 in Earth Magic
 45267 | Vaults:2 | Identified Kootwioh's Collected Works on Flames and
                  | Bewitchment (Sif Muna gifted it to you on level 2 of the
                  | Vaults)
 45267 | Vaults:2 | Received a gift from Sif Muna
 45350 | Vaults:2 | Reached XP level 18. HP: 82/142 MP: 20/34
 45403 | Vaults:2 | Reached skill level 14 in Necromancy
 45526 | Vaults:2 | Learned a level 5 spell: Aura of Abjuration
 45597 | Vaults:2 | Reached skill level 13 in Fighting
 45604 | Vaults:2 | Reached skill level 1 in Summonings
 46092 | Vaults:2 | Reached skill level 13 in Spellcasting
 46092 | Vaults:2 | Reached skill level 2 in Summonings
 46267 | Vaults:2 | Noticed a lich
 46271 | Vaults:2 | Reached skill level 3 in Summonings
 46281 | Vaults:2 | Killed from afar by a lich

Vault maps used:
D:1:      ncdulo_watergridlock, st_stairs_13
D:2:      chequers_ecumenical_altar_simple
D:3:      minmay_misc_feat_rugged, uniq_sigmund, uniq_robin
D:4:      first_ration
D:5:      minmay_temple_entry_sparse_star, ebering_ghost_sewer_f, uniq_ijyb
D:6:      gammafunk_ghost_stat_death, cheibrodos_sewer_entry_bend,
          chequers_decorated_corner, uniq_grinder
D:7:      kennysheep_mini_moat
D:8:      old_standard_altar, erik_lair_orcish_takeover, serial_shops,
          shop_fountains, hangedman_little_slice_of_home, uniq_psyche
D:9:      nicolae_tso_carved_into_rock, grunt_temple_overflow_open,
          david_orc_1_choice
D:10:     serial_shops, nicolae_shop_trees, hangedman_abyss_or_decor_lesser_grid
D:11:     serial_bayou_pond_c, minmay_fountain_box, elyvilon_altar_5,
          uniq_maurice
D:12:     minmay_triangles_in_corner
D:13:     grunt_vaults_entry_fortified, serial_shops, shop, enter_trove_0,
          minmay_between, uniq_azrael
D:14:     chequers_serial_rivers_room_b, minivault_20, spider_trap,
          lemuel_flamethrower_3
D:15:     grunt_enter_depths_giant_problem, spider_trap
Temple:   eino_temple_rhombus
Lair:1:   kennysheep_abandoned_house, minmay_lair_oklob_chamber,
          infiniplex_staircase_pool_2, uniq_gastronok, uniq_joseph
Lair:2:   hibernation_bobbens
Lair:3:   beast_lair_carwin_large_4, minmay_shoals_entry_hut,
          nicolae_spider_entry_tight_spaces, disabler_island, grunt_megastairs_2
Lair:4:   onia_ninara_swampy_vault, gammafunk_lair_bear_cave, uniq_snorg
Lair:5:   minmay_slime_entry_pillars, special_room,
          nicolae_quartered_pool_medium, grunt_megastairs_4
Lair:6:   gammafunk_lair_ancient_temple, uniq_urug
Shoals:1: serial_shops, nicolae_shop_behind_doors, yaktaur_hedge, uniq_roxanne,
          uniq_louise
Shoals:3: serial_shops, nicolae_shop_statue_plus, nicolae_island_escapes
Shoals:4: shoals_end_simple, serial_shops,
          nicolae_shop_competitors_out_of_business
Orc:1:    enter_bailey_8, serial_shops, shop, trog_butcher_becter, uniq_erolcha
Orc:2:    st_orc_pillars, serial_shops,
          nicolae_shop_temple_entry_statues_fountains, nicolae_shop_trees, shop
Vaults:1: hangedman_vaults_trim, v_misc_30, hangedman_vaults_trim,
          hangedman_vaults_cutoff, ontoclasm_vaults_decontamination, v_rooms_1,
          grunt_vaults_diagonal, vaults_mumra_chevron, vaults_mumra_minichess,
          vaults_room_pools, vaults_mumra_lcd, vaults_room_grid,
          ontoclasm_vaults_idyll, ontoclasm_vaults_gateway
Vaults:2: st_cells, hangedman_vaults_maws, ontoclasm_vaults_fault,
          vaults_dpeg_hooks, vaults_standard_mumra_x,
          nicolae_vaults_mini_display_case, ontoclasm_vaults_chip
Sewer:    sewer_frog_island_02
Bailey:   bailey_axe_2, bailey

Skill      XL: |  1  2  3  4  5  6  7  8  9 10 11 12 13 14 15 16 17 18 |
---------------+-------------------------------------------------------+-----
Spellcasting   | 3 4 5 6 8 9 10 11 12 13 | 13.2
Necromancy     | 5 6 7 9 10 11 12 13 14 | 14.2
Shields        | 1 2 3 4 |  4.0
Stealth        | 2 4 5 6 7 8 9 10 | 10.0
Fighting       | 2 4 5 6 8 9 10 11 12 13 | 13.2
Invocations    | 1 2 4 5 6 |  6.0
Dodging        | 3 4 5 6 |  6.5
Armour         | 2 3 5 6 |  6.8
Evocations     | 2 3 4 5 |  5.0
Hexes          | 3 5 |  5.0
Conjurations   | 4 7 8 9 10 | 10.1
Translocations | 1 3 |  3.0
Poison Magic   | 3 |  3.0
Air Magic      | 3 |  3.0
Short Blades   | 1 2 |  2.0
Earth Magic    | 5 9 12 | 12.3
Summonings     | 3 |  3.2

Action                   |  1- 3 |  4- 6 |  7- 9 | 10-12 | 13-15 | 16-18 || total
-------------------------+-------+-------+-------+-------+-------+-------++-------
Melee: Unarmed           |    30 |       |       |       |       |       ||    30
       Whip              |     8 |    74 |   364 |   794 |   974 |     1 ||  2215
       Dagger            |       |       |       |       |   283 |   647 ||   930
       Staff             |       |       |       |       |       |    27 ||    27
 Cast: Pain              |    41 |    98 |   242 |   245 |   176 |    17 ||   819
       Vampiric Draining |       |     8 |    26 |   126 |   185 |    83 ||   428
       Animate Skeleton  |       |       |     9 |    12 |     5 |       ||    26
       Animate Dead      |       |       |       |     8 |    36 |    34 ||    78
       Dazzling Spray    |       |       |       |    11 |    51 |    10 ||    72
       Bolt of Draining  |       |       |       |    10 |   126 |   148 ||   284
       Dispel Undead     |       |       |       |     4 |    13 |     2 ||    19
       Mephitic Cloud    |       |       |       |       |    29 |     7 ||    36
       Borgnjor's Vile C |       |       |       |       |    14 |    72 ||    86
       Blink             |       |       |       |       |     4 |    14 ||    18
       Death Channel     |       |       |       |       |     3 |     9 ||    12
       Aura of Abjuratio |       |       |       |       |       |     1 ||     1
Invok: Divine Energy     |       |       |     1 |       |       |       ||     1
Evoke: Wand              |       |    11 |    14 |    15 |    28 |     5 ||    73
       Box of beasts     |       |       |       |       |     2 |       ||     2
       Lamp of fire      |       |       |       |       |     3 |     1 ||     4
       Phial of floods   |       |       |       |       |     1 |       ||     1
  Use: Scroll            |       |     1 |    14 |    11 |    17 |     6 ||    49
 Stab: Sleeping          |       |       |     2 |     4 |    14 |     9 ||    29
       Invisible         |       |       |       |     2 |     5 |       ||     7
       Distracted        |       |       |       |       |     3 |     1 ||     4
       Confused          |       |       |       |       |    12 |     5 ||    17
Armor: Robe              |     9 |     8 |     7 |   118 |       |       ||   142
       Leather armour    |       |       |    98 |    71 |       |       ||   169
       Ring mail         |       |       |       |   189 |   755 |   343 ||  1287
Dodge: Dodged            |    32 |    47 |   229 |   696 |  1080 |   432 ||  2516
Block: Buckler           |       |    18 |    86 |   246 |   402 |   219 ||   971

Table legend:
 A = Non-vault XP
 B = Vault XP
 C = Vault XP percentage of total XP
 D = Non-vault monster count
 E = Vault monster count
 F = Vault count percentage of total count
                 A         B        C        D         E       F
            +---------+---------+-------+---------+---------+-------
      Total |  197574 |  122832 |  38.3 |     797 |     463 |  36.7
            +---------+---------+-------+---------+---------+-------
        D:1 |      56 |       2 |   3.4 |      17 |       1 |   5.6
        D:2 |     158 |       0 |   0.0 |      27 |       0 |   0.0
        D:3 |     283 |     242 |  46.1 |      25 |      13 |  34.2
        D:4 |     412 |       0 |   0.0 |      12 |       0 |   0.0
        D:5 |     743 |     348 |  31.9 |      23 |       7 |  23.3
        D:6 |     888 |     826 |  48.2 |      19 |       7 |  26.9
        D:7 |     821 |       0 |   0.0 |      14 |       0 |   0.0
        D:8 |    1740 |     956 |  35.5 |      29 |      17 |  37.0
        D:9 |    2078 |     483 |  18.9 |      30 |       9 |  23.1
       D:10 |    1982 |       0 |   0.0 |      30 |       0 |   0.0
       D:11 |    4553 |     469 |   9.3 |      40 |       1 |   2.4
       D:12 |    3703 |    6749 |  64.6 |      28 |      16 |  36.4
       D:13 |    3327 |    9919 |  74.9 |      17 |      19 |  52.8
       D:14 |    9153 |     800 |   8.0 |      29 |       2 |   6.5
       D:15 |   13012 |    1532 |  10.5 |      35 |       1 |   2.8
     Lair:1 |    5109 |    4308 |  45.7 |      21 |      25 |  54.3
     Lair:2 |    3145 |    1758 |  35.9 |      17 |       7 |  29.2
     Lair:3 |    2505 |    3430 |  57.8 |      11 |      19 |  63.3
     Lair:4 |    2814 |    6383 |  69.4 |      17 |      20 |  54.1
     Lair:5 |    9384 |    2980 |  24.1 |      26 |      20 |  43.5
     Lair:6 |    8636 |    9417 |  52.2 |      17 |      26 |  60.5
   Shoals:1 |   11293 |    1661 |  12.8 |      24 |       2 |   7.7
   Shoals:2 |   14180 |       0 |   0.0 |      29 |       0 |   0.0
   Shoals:3 |   21849 |       0 |   0.0 |      47 |       0 |   0.0
   Shoals:4 |    6184 |   21763 |  77.9 |      16 |      36 |  69.2
      Orc:1 |    5962 |    4594 |  43.5 |      38 |      15 |  28.3
      Orc:2 |    2956 |    6108 |  67.4 |      36 |      52 |  59.1
   Vaults:1 |   32437 |   24274 |  42.8 |      67 |      38 |  36.2
   Vaults:2 |   28211 |   12662 |  31.0 |      56 |      20 |  26.3
      Sewer |       0 |     337 | 100.0 |       0 |      56 | 100.0
     Bailey |       0 |     831 | 100.0 |       0 |      34 | 100.0
            +---------+---------+-------+---------+---------+-------
